 Dungeon Crawl Stone Soup version 0.29.1-13-g9f3cf754e1 (webtiles) character file.

Game seed: 7959820667111557717

2254 Hrothgar the Ruffian (level 9, -2/84 HPs)
             Began as a Troll Chaos Knight on Feb 2, 2023.
             Was a Believer of Ru.
             Slain by a vampire
             ... wielding the +10 great mace of Honesty {flame, Stlth+}
              (18 damage)
             ... on level 6 of the Dungeon.
             The game lasted 00:29:18 (5944 turns).

Hrothgar the Ruffian (Troll Chaos Knight)           Turns: 5944, Time: 00:29:18

Health: -2/84      AC:  5    Str: 22    XL:     9   Next: 15%
Magic:  10/10      EV: 10    Int: 16    God:    Ru [**....]
Gold:   155        SH:  0    Dex: 11    Spells: 2/11 levels left

rFire   x . .      SeeInvis .     - Unarmed
rCold   x . .      Faith    .   (no shield)
rNeg    . . .      Spirit   .   a - +2 robe
rPois   +          Reflect  .   (helmet restricted)
rElec   .          Harm     .   (no cloak)
rCorr   .          Rampage  .   (gloves unavailable)
Will    .....                   (boots unavailable)
Stlth   ++........              g - amulet "Rafyg" {Regen+ Dex+4}
HPRegen 1.84/turn               j - +6 ring of intelligence
MPRegen 0.12/turn               u - ring of poison resistance

@: about to teleport, unable to drink
A: large, unfitting armour, claws 3, regeneration 1, shaggy fur 1, tough skin 1,
temperature sensitive, clumsy 2, deformed body, inability to drink after injury
1
a: Renounce Religion


You were on level 6 of the Dungeon.
You worshipped Ru.
Ru was pleased with you.
You visited 1 branch of the dungeon, and saw 7 of its levels.

You collected 408 gold pieces.
You spent 253 gold pieces at shops.

Inventory:

Hand Weapons
 n - a +0 battleaxe
Missiles
 d - a curare-tipped dart (quivered)
Armour
 a - a +2 robe (worn)
Jewellery
 g - the amulet "Rafyg" (around neck) {Regen+ Dex+4}
   (You found it on level 2 of the Dungeon)

   [amulet of regeneration]

   Dex:       It affects your dexterity (+4).
   Regen:     It increases your rate of health regeneration.
 j - a +6 ring of intelligence (left claw)
 u - a ring of poison resistance (right claw)
Scrolls
 f - 2 scrolls of amnesia
 i - 2 scrolls of poison
 k - 4 scrolls of vulnerability
 q - 8 scrolls of identify
 r - a scroll of magic mapping
 s - 2 scrolls of enchant armour
Potions
 e - a potion of attraction
 h - 2 potions of cancellation
 o - a potion of brilliance
Miscellaneous
 b - a piece from Xom's chessboard (14/15)


   Skills:
 * Level 4.2 Fighting
 * Level 0.4 Throwing
 * Level 2.5 Armour
 + Level 3.1 Dodging
 * Level 2.7 Stealth
 * Level 7.2 Unarmed Combat
 * Level 1.6 Spellcasting
 * Level 1.7 Translocations
 * Level 2.1 Ice Magic
 * Level 1.0 Air Magic
 * Level 2.3 Evocations


You had 2 spell levels left.
You knew the following spells:

 Your Spells              Type           Power      Damage    Failure   Level
a - Ozocubu's Armour      Ice            8%         N/A       26%         3
b - Blink                 Tloc           12%        N/A       16%         2
c - Airstrike             Air            2%         2d(1-17)  80%         4

Your spell library contained the following spells:

 Spells                   Type           Power      Damage    Failure   Level
 Lesser Beckoning         Tloc           6%         N/A       30%         3
 Summon Lightning Spire   Summ/Air       3%         N/A       86%         4
 Manifold Assault         Tloc           6%         N/A       96%         5
 Lightning Bolt           Conj/Air       1%         1d12      99%         5
 Ozocubu's Refrigeration  Ice            4%         4d8       100%        7


Dungeon Overview and Level Annotations

Branches:
Dungeon (7/15)             Temple (0/1) D:5

Altars:
Ashenzari
Elyvilon
Fedhas
Gozag
Kikubaaqudgha
Nemelex Xobeh
Okawaru
Qazlal
Ru
Uskayaw
Wu Jian
Xom

Shops:
D:1 (?((=


Innate Abilities, Weirdness & Mutations

You are too large for most types of armour.
You have claws for hands.
Your natural rate of healing is unusually fast.
You are covered in fur. (AC +1)
You have tough skin. (AC +1)
You are sensitive to extremes of temperature. (rF-, rC-)
You are very clumsy. (Dex -4)
Armour fits poorly on your strangely shaped body.
You occasionally lose the ability to drink potions when taking damage.


Message History

You claw something!
Reactivating autopickup.
You feel a bit more experienced.
You catch the helpless ogre completely off-guard!
You claw the ogre!
The ogre is moderately wounded.
The ogre barely misses you.
You claw the ogre!
The ogre is almost dead.
The ogre is stunned by your conviction and fails to attack.
You claw the ogre!
You kill the ogre!
There is an open door, spattered with blood here.
You see here a +0 giant club.
The vampire hits you with the +10 great mace of Honesty {flame, Stlth+}!
The vampire burns you! The vampire closely misses you.
The vampire hits you with the +10 great mace of Honesty {flame, Stlth+}.
The vampire burns you. The vampire bites you.
The vampire draws strength from your injuries!
You claw the vampire!
The vampire is moderately damaged.
The vampire hits you with the +10 great mace of Honesty {flame, Stlth+}!
The vampire burns you. The vampire bites you.
The vampire draws strength from your injuries!
Blink to where?
Press: ? - help, Dir - move target
As you read the scroll of blinking, it crumbles to dust.
The vampire casts a spell.
The vampire flickers and vanishes!
Deactivating autopickup; reactivate with Ctrl-A.
As you read the scroll of teleportation, it crumbles to dust.
You feel strangely unstable.
Your surroundings seem slightly different.
Something hits you!! Something burns you!
You feel threatened and lose the ability to drink potions!
* * * LOW HITPOINT WARNING * * *
Something bites you but does no damage.
As you read the scroll of teleportation, it crumbles to dust.
You feel strangely unstable. Something hits you!!
You die...

####.....'..####
#.....##....###
###########...#
###.# ########)##
#.........##
#..........### #####
#............# #...
#..@......##.###.#
#.........##.....###
#.........######....
#.........# #.###
#.........# #.#
########### #.# #
#.### #...' #####


There were no monsters in sight!

Vanquished Creatures
  Grinder (D:3)
  Menkaure (D:7)
  3 water moccasins
  Duvessa (D:6)
  A black bear (D:5)
  2 ogres
  A centaur (D:6)
  A phantom (D:6)
  A kobold brigand (D:7)
  A necrophage (D:5)
  A scorpion (D:3)
  Dowan (D:6)
  10 killer bees (D:7)
  2 lava snakes (D:7)
  An orc priest (D:5)
  A gnoll bouda (D:7)
  4 hounds
  A jelly (D:6)
  Jessica (D:3)
  2 iguanas
  5 gnolls (D:7)
  Robin (D:4)
  4 adders
  A worm (D:5)
  3 dart slugs (D:1)
  13 orcs
  9 ball pythons
  3 bats
  4 endoplasms
  5 giant cockroaches
  14 goblins
  10 hobgoblins
  6 jackals
  5 frilled lizards
  16 kobolds
  5 rats (D:2)
141 creatures vanquished.

Vanquished Creatures (others)
  A kobold (D:7)
1 creature vanquished.

Grand Total: 142 creatures vanquished

Notes
Turn   | Place    | Note
-------+----------+-------------------------------------------
     0 | D:1      | Hrothgar the Troll Chaos Knight began the quest for the
                  | Orb.
     0 | D:1      | Reached XP level 1. HP: 22/22 MP: 0/0
    62 | D:1      | Found Ficosip's Weapon Shoppe.
   169 | D:1      | Found Gyadotew's Antique Weapon Boutique.
   183 | D:1      | XOM: silly message
   228 | D:1      | XOM: silly message
   230 | D:1      | XOM: potion effect (brilliance)
   236 | D:1      | Reached XP level 2. HP: 17/29 MP: 1/1
   459 | D:2      | Reached XP level 3. HP: 36/36 MP: 2/2
   551 | D:2      | Identified the amulet "Rafyg" {Regen+ Dex+4}
   670 | D:2      | XOM: silly message
   700 | D:3      | Noticed a scorpion
   705 | D:3      | XOM: divination: detect items
   713 | D:3      | Killed a scorpion
   714 | D:3      | Reached skill level 4 in Unarmed Combat
   714 | D:3      | Reached XP level 4. HP: 12/45 MP: 3/3
   804 | D:3      | Found an opulent altar of Gozag.
   905 | D:3      | Found a faded altar of an unknown god.
  1030 | D:3      | You fall into a shaft and drop 1 floor!
  1051 | D:4      | Noticed Robin
  1095 | D:3      | Learned a level 3 spell: Ozocubu's Armour
  1141 | D:3      | XOM: cloud trail
  1169 | D:3      | Noticed Grinder
  1177 | D:3      | Killed Grinder
  1178 | D:3      | Reached skill level 1 in Armour
  1178 | D:3      | Reached skill level 1 in Evocations
  1178 | D:3      | Reached XP level 5. HP: 41/53 MP: 4/4
  1178 | D:3      | Reached XP level 6. HP: 47/61 MP: 5/5
  1416 | D:4      | XOM: divination: detect creatures
  1476 | D:4      | Killed Robin
  1488 | D:4      | Reached skill level 1 in Stealth
  1506 | D:4      | Reached skill level 5 in Unarmed Combat
  1698 | D:4      | XOM: cloud trail
  1772 | D:4      | Found an ornate altar of the Wu Jian Council.
  1809 | D:4      | XOM: cloud trail
  2015 | D:5      | Entered Level 5 of the Dungeon
  2015 | D:5      | Found a white marble altar of Elyvilon.
  2016 | D:5      | Found a shimmering altar of Xom.
  2017 | D:5      | Found a sacrificial altar of Ru.
  2018 | D:5      | Found a broken altar of Ashenzari.
  2026 | D:5      | Fell from the grace of Xom
  2026 | D:5      | Became a worshipper of Ru the Awakened
  2147 | D:3      | Noticed Jessica
  2173 | D:3      | Killed Jessica
  2229 | D:3      | XOM: summons 3 hostile shadow creatures
  2406 | D:2      | Learned a level 2 spell: Blink
  2510 | D:2      | XOM: give mutations
  2510 | D:2      | Gained mutation: You occasionally lose the ability to drink
                  | potions when taking damage. [Xom's mischief]
  2510 | D:2      | Gained mutation: You are clumsy. (Dex -2) [Xom's mischief]
  2510 | D:2      | Gained mutation: Armour fits poorly on your strangely
                  | shaped body. [Xom's mischief]
  2510 | D:2      | Gained mutation: You are very clumsy. (Dex -4) [Xom's
                  | mischief]
  2771 | D:1      | Found Tasuab's Magic Scroll Emporium.
  2774 | D:1      | Bought a scroll of identify for 26 gold pieces
  2774 | D:1      | Bought a scroll of magic mapping for 97 gold pieces
  2774 | D:1      | Bought a scroll of identify for 26 gold pieces
  2774 | D:1      | Bought a scroll of identify for 26 gold pieces
  2774 | D:1      | Bought 2 scrolls of identify for 52 gold pieces
  2774 | D:1      | Bought a scroll of identify for 26 gold pieces
  2845 | D:1      | Found Zesoolio's Jewellery Shoppe.
  2897 | D:1      | Found Ablez's Weapon Emporium.
  3267 | D:5      | Found a stormy altar of Qazlal.
  3364 | D:5      | Found a staircase to the Ecumenical Temple.
  3527 | D:5      | Gained mutation: You are sensitive to extremes of
                  | temperature. (rF-, rC-) [Ru sacrifice]
  3527 | D:5      | Reached * piety under Ru
  3527 | D:5      | Reached ** piety under Ru
  3665 | D:5      | Reached skill level 1 in Ice Magic
  3665 | D:5      | Reached XP level 7. HP: 67/67 MP: 7/7
  3820 | D:5      | XOM: cloud trail
  3994 | D:5      | Found a sparkling altar of Nemelex Xobeh.
  3994 | D:5      | Found a hide-covered altar of Uskayaw.
  3995 | D:5      | Found an iron altar of Okawaru.
  4127 | D:5      | XOM: polymorph scorpion -> black bear
  4409 | D:6      | Noticed Duvessa
  4409 | D:6      | Noticed Dowan
  4419 | D:6      | Killed Duvessa
  4420 | D:6      | Reached skill level 1 in Spellcasting
  4424 | D:6      | Killed Dowan
  4462 | D:6      | Reached skill level 6 in Unarmed Combat
  4527 | D:6      | Reached skill level 1 in Translocations
  4527 | D:6      | Reached XP level 8. HP: 78/78 MP: 4/8
  4631 | D:6      | Found a blossoming altar of Fedhas.
  4659 | D:6      | Identified the +10 great mace of Honesty {flame, Stlth+}
  4761 | D:7      | Found an ancient bone altar of Kikubaaqudgha.
  4800 | D:7      | Learned a level 4 spell: Airstrike
  5270 | D:7      | Noticed Menkaure
  5298 | D:7      | Killed Menkaure
  5699 | D:7      | Reached skill level 7 in Unarmed Combat
  5750 | D:7      | Reached XP level 9. HP: 75/84 MP: 10/10
  5876 | D:6      | Reached skill level 1 in Air Magic
  5944 | D:6      | Slain by a vampire

Illustrated notes

Levels and vault maps discovered:
D:1:      lemuel_arrival_funnel, layout_basic, serial_shops,
          nicolae_shop_behind_doors, nicolae_shop_trees, shop,
          nicolae_shop_trees, nicolae_diamond_shop
D:2:      layout_basic, grunt_decor_cap, minmay_quadrilaterals
D:3:      layout_rooms, general_overflow_altar,
          shapermc_ecumenical_altar_notcrosses, uniq_natasha, uniq_jessica,
          uniq_grinder
D:4:      layout_loops_ring, lemuel_doored_altar, uniq_robin
D:5:      layout_gridville, chequers_temple_overflow_statue_of_worship,
          mainiacjoe_overflow_paths, mainiacjoe_overflow_alcove_3,
          minmay_temple_entry_slanted
D:6:      layout_basic, fedhas_altar_2, uniq_eustachio, uniq_duvessa,
          uniq_sigmund
D:7:      layout_basic, mainiacjoe_overflow_24_doors, kennysheep_boxes,
          uniq_menkaure

Skill      XL: |  1  2  3  4  5  6  7  8  9 |
---------------+----------------------------+-----
Dodging        | 2 3 |  3.1
Fighting       | 3 4 |  4.2
Unarmed Combat | 4 5 6 7 |  7.2
Armour         | 1 2 |  2.5
Evocations     | 1 2 |  2.3
Stealth        | 1 2 |  2.7
Ice Magic      | 1 2 |  2.1
Spellcasting   | 1 |  1.6
Translocations | 1 |  1.7
Air Magic      | 1 |  1.0
Throwing       | |  0.4

Action                   |  1- 3 |  4- 6 |  7- 9 || total
-------------------------+-------+-------+-------++-------
Melee: Unarmed           |    63 |   182 |   210 ||   455
       Punch             |       |     3 |     7 ||    10
 Cast: Ozocubu's Armour  |       |       |     1 ||     1
Invok: Sacrifice Resista |       |     1 |       ||     1
Evoke: Piece from Xom's  |     7 |     5 |     6 ||    18
  Use: Scroll            |     3 |    11 |     7 ||    21
       Potion            |       |     1 |     9 ||    10
 Stab: Sleeping          |     3 |     3 |     1 ||     7
       Paralysed         |       |     6 |     4 ||    10
       Petrified         |       |       |     9 ||     9
       Invisible         |       |       |     1 ||     1
       Distracted        |       |       |     1 ||     1
Armor: Robe              |    31 |    86 |    72 ||   189
Dodge: Dodged            |    27 |   103 |   126 ||   256
